 Dungeon Crawl Stone Soup version 0.20.1-1-g8b1a95d (webtiles) character file.

33 Lorindel the Conjurer (level 3, -3/15 HPs)
             Began as a Felid Conjurer on July 21, 2017.
             Killed by divine providence
             ... invoked by an orc priest
              (12 damage)
             ... on level 3 of the Dungeon.
             The game lasted 00:07:37 (1072 turns).

Lorindel the Conjurer (Felid Conjurer)              Turns: 1072, Time: 00:07:40

Health: -3/15      AC:  1    Str:  4    XL:     3   Next: 12%
Magic:  7/7        EV: 18    Int: 17    God:
Gold:   83         SH:  0    Dex: 16    Spells: 3/6 levels left
                                        Lives:  0   Deaths: 0

rFire    . . .     SeeInvis +     - Unarmed
rCold    . . .     Gourm    .   (shield unavailable)
rNeg     . . .     Faith    .   (armour unavailable)
rPois    .         Spirit   .   (helmet unavailable)
rElec    .         Reflect  .   (cloak unavailable)
rCorr    .         Harm     .   (gloves unavailable)
MR       .....                  (boots unavailable)
Stlth    +++.......             (no amulet)
Regen    0.1/turn               (no ring)
MPRegen  0.1/turn               (no ring)

@: very slightly contaminated, quick
A: no armour, no weapons or thrown items, stealth, claws 1, fangs 3, see
invisible, carnivore 3, speed 1, shaggy fur 1, slow metabolism 1, sharp paws
a: no special abilities


You were on level 3 of the Dungeon.
You were completely stuffed.

You visited 1 branch of the dungeon, and saw 3 of its levels.

You collected 83 gold pieces.

Inventory:

Potions
 d - a potion of agility {unknown}
 e - a potion of mutation {unknown}
 f - a potion of ambrosia {unknown}
Books
 a - a book of Conjurations

   Spells                             Type                      Level
   a - Magic Dart                     Conjuration                  1
   b - Searing Ray                    Conjuration                  2
   c - Dazzling Spray                 Conjuration/Hexes            3
   d - Fulminant Prism                Conjuration/Hexes            4
   e - Force Lance                    Conjuration/Translocation    4
   f - Iskenderun's Mystic Blast      Conjuration                  4
Comestibles
 b - a meat ration
 c - 2 chunks of flesh


   Skills:
 + Level 0.6 Fighting
 + Level 3.0 Dodging
 + Level 3.2 Stealth
 + Level 1.0 Unarmed Combat
 * Level 2.4 Spellcasting
 + Level 3.7 Conjurations


You had 3 spell levels left.
You knew the following spells:

 Your Spells              Type           Power        Failure   Level  Hunger
a - Magic Dart            Conj           ##..         4%          1    #......
b - Searing Ray           Conj           ##....       6%          2    ##.....


Dungeon Overview and Level Annotations

Branches:
Dungeon (3/15)

Altars:


Innate Abilities, Weirdness & Mutations

You cannot wear armour.
You are incapable of wielding weapons or throwing items.
Your paws allow you to move quietly. (Stealth)
You have sharp claws.
You have razor-sharp teeth.
You have supernaturally acute eyesight. (SInv)
You are carnivorous and can eat meat at any time.
You cover ground quickly.
You are covered in fur. (AC +1)
You have a slow metabolism.
Your sharp claws are effective at attacking unaware monsters.


Message History

You claw the giant cockroach!
You kill the giant cockroach!
You see here a giant cockroach corpse.
The orc shouts!
An orc priest comes into view.
The orc completely misses you.
The orc priest shouts!
The leopard gecko hisses angrily.
You scratch the orc priest. You bite the orc priest.
The orc priest is heavily wounded.
You hear a shout!
The leopard gecko closely misses you. The orc priest hits you.
The orc completely misses you.
An orc comes into view. It is wielding a dagger.
You barely miss the orc priest.
The orc priest is heavily wounded.
The leopard gecko barely misses you.
The orc priest calls down the wrath of Beogh upon you.
Beogh smites you!
Ouch! That really hurt!
You die...

#. #. #. #. #. #
#.########.#
#..†...ooo.#
#.<....@l.##
##.######.# ##
####.# # .. .>##.#
#. #.##.#########
#.
####.##.........#
#.
#....##########.##
#.##.#...# #...#
#.<...÷..# #...#


You could see an orc priest, 2 orcs and a leopard gecko.

Vanquished Creatures
  An adder (D:2)
  A dart slug (D:2)
  3 bats (D:1)
  2 giant cockroaches
  2 goblins
  4 hobgoblins (D:1)
  A kobold (D:2)
  2 ball pythons
  3 frilled lizards
  3 rats
22 creatures vanquished.

Notes
Turn   | Place    | Note
-------+----------+-------------------------------------------
     0 | D:1      | Lorindel the Felid Conjurer began the quest for the Orb.
     0 | D:1      | Reached XP level 1. HP: 7/7 MP: 4/4
   289 | D:1      | Reached XP level 2. HP: 11/12 MP: 6/6
   320 | D:1      | Learned a level 2 spell: Searing Ray
   638 | D:2      | Found a faded altar of an unknown god.
   840 | D:2      | Reached skill level 1 in Unarmed Combat
   840 | D:2      | Reached XP level 3. HP: 15/15 MP: 2/7
  1072 | D:3      | Killed from afar by an orc priest

Skill      XL: |  1  2 |
---------------+-------+-----
Stealth        | 3 |  3.2
Dodging        | 3 |  3.0
Unarmed Combat | 1 |  1.0
Fighting       | |  0.6
Spellcasting   | |  2.4
Conjurations   | |  3.7

Action                   || total
-------------------------++-------
Melee: Unarmed           ||    47
       Bite              ||     5
 Cast: Magic Dart        ||    12
       Searing Ray       ||     2
  Use: Scroll            ||     7
 Stab: Sleeping          ||    12
  Eat: Chunk             ||     8
Armor: Skin              ||     2
Dodge: Dodged            ||    46
